 Dungeon Crawl Stone Soup version 0.27.1-35-g4d5d836560 (webtiles) character file.

Game seed: 16444852788778758905

49 Delamore the Sneak (level 3, -1/24 HPs)
             Began as an Octopode Brigand on May 1, 2022.
             Slain by a jackal (3 damage)
             ... on level 2 of the Dungeon.
             The game lasted 00:01:56 (1598 turns).

Delamore the Sneak (Octopode Brigand)               Turns: 1598, Time: 00:01:57

Health: -1/24      AC:  1    Str:  8 (10) XL:     3   Next: 77%
Magic:  3/3        EV: 12    Int: 11 (13) God:
Gold:   27         SH:  0    Dex: 11 (14) Spells: 2/2 levels left

rFire    . . .     SeeInvis .   a - +2 dagger
rCold    . . .     Faith    .   (no shield)
rNeg     . . .     Spirit   .   (helmet restricted)
rPois    .         Reflect  .   (no amulet)
rElec    .         Harm     .   (no ring)
rCorr    .         Rampage  .   (no ring)
Will     .....                  (no ring)
Stlth    ++++......             (no ring)
HPRegen  0.08/turn              (no ring)
MPRegen  0.08/turn              (no ring)
                                (no ring)
                                (no ring)

@: no status effects
A: almost no armour, amphibious, 8 rings, camouflage 1, gelatinous body 1,
(nimble swimmer 1), tentacles
a: no special abilities


You were on level 2 of the Dungeon.
You visited 1 branch of the dungeon, and saw 2 of its levels.

You collected 27 gold pieces.

Inventory:

Hand Weapons
 a - a +2 dagger (weapon)
Missiles
 b - 7 poisoned darts (quivered)
 g - 3 stones
Scrolls
 d - a scroll of torment {unknown}
 h - 2 scrolls of identify {unknown}
 j - a scroll of blinking {unknown}
Potions
 e - a potion of degeneration
 f - a potion of haste {unknown}
 i - a potion of flight {unknown}


   Skills:
 - Level 2.0 Fighting
 * Level 3.6 Short Blades
 + Level 2.5 Throwing
 - Level 1.0 Dodging
 - Level 5.3 Stealth


You had 2 spell levels left.
You didn't know any spells.
Your spell library was empty.

Dungeon Overview and Level Annotations

Branches:
Dungeon (2/15)

Altars:


Innate Abilities, Weirdness & Mutations

You cannot wear most types of armour.
You are amphibious.
You can wear up to eight rings at the same time.
Your skin changes colour to match your surroundings (Stealth+).
Your rubbery body absorbs attacks. (AC +1, EV +1)
((You are camouflaged near water. (Stealth+)))
You have tentacles for arms and can constrict up to eight enemies at once.


Message History

Press: ? - help, Q - select action, (/) - cycle Shift-Dir - straight line, f - worm
Aim: a worm (79% to hit)
You throw a curare-tipped dart. The curare-tipped dart hits the worm.
The worm is poisoned.
The worm convulses.
The worm seems to slow down.
The worm is heavily wounded.
You constrict the jackal. The kobold completely misses you.
The jackal barely misses you. x2
You release your grip on the jackal.
The jackal bites you but does no damage.
The jackal closely misses you. The jackal bites you.
* * * LOW HITPOINT WARNING * * *
Throw: dart (curare)
Press: ? - help, Q - select action, (/) - cycle Shift-Dir - straight line, f - jackal, p - worm
Aim: a jackal (53% to hit)
You throw a curare-tipped dart. The curare-tipped dart hits the jackal.
The jackal is poisoned.
The jackal convulses.
The jackal seems to slow down.
The jackal is almost dead.
The jackal closely misses you.
The jackal pauses to sniff the ground.
The jackal closely misses you.
Throw: 8 darts (poison)
Press: ? - help, Q - select action, (/) - cycle Shift-Dir - straight line, f - jackal, p - jackal
Aim: a jackal (53% to hit)
You throw a poisoned dart.
The poisoned dart barely misses the jackal.
The poisoned dart hits the worm.
The worm looks even sicker.
The worm is heavily wounded.
The jackal bites you.
* * * LOW HITPOINT WARNING * * *
The jackal bites you but does no damage.
The jackal bites you.
* * * LOW HITPOINT WARNING * * *
It was a potion of degeneration.
There was something very wrong with that liquid.
You feel weakened.
You feel dopey.
You feel clumsy.
You kill the jackal!
The jackal bites you.
You die...

...#.#..............).......
...#.#......................
............................
......##....................
...........#.#..............
............................
.................#....(.....
.................#.(w.......
...#............@#K.........
...#............h#..........
...........#.##..K...#####..
...........#.##......### .
...........#.##........#
.............##........#
.............##........###.
#......รท.....##............
#............##.............


You could see a jackal and a kobold.

Vanquished Creatures
  An adder (D:2)
  A worm (D:2)
  5 endoplasms
  2 giant cockroaches (D:1)
  5 goblins
  2 hobgoblins
  4 jackals
  2 quokkas (D:1)
  2 ball pythons
  4 bats (D:1)
  A frilled lizard (D:1)
  2 kobolds (D:1)
  2 rats
33 creatures vanquished.

Notes
Turn   | Place    | Note
-------+----------+-------------------------------------------
     0 | D:1      | Delamore the Octopode Brigand began the quest for the Orb.
     0 | D:1      | Reached XP level 1. HP: 14/14 MP: 1/1
    78 | D:1      | Reached XP level 2. HP: 19/19 MP: 2/2
   709 | D:1      | Reached XP level 3. HP: 22/24 MP: 3/3
  1598 | D:2      | Slain by a jackal

Illustrated notes

Levels and vault maps discovered:
D:1:      lemuel_arrival_lava_pool, layout_basic
D:2:      layout_basic

Skill      XL: |  1  2 |
---------------+-------+-----
Short Blades   | 3 |  3.6
Fighting       | |  2.0
Throwing       | |  2.5
Dodging        | |  1.0
Stealth        | |  5.3

Action                   || total
-------------------------++-------
Melee: Dagger            ||    58
       Constrict         ||    14
       Tentacles         ||     8
Throw: Stone             ||    11
       Dart              ||     5
  Use: Potion            ||     1
 Stab: Sleeping          ||    12
Armor: Skin              ||     4
Dodge: Dodged            ||    24
